 Seeded DCSS version 0.30-a0-341-g682706514a (webtiles) character file.

Game seed: 6296361568308551635 (custom seed)

144 valliere the Insei (level 5, -1/34 HPs)
             Began as an Octopode Transmuter on Nov 3, 2022.
             Slain by an iguana (8 damage)
             ... on level 4 of the Dungeon.
             The game lasted 00:07:45 (2041 turns).

valliere the Insei (Octopode Transmuter)            Turns: 2041, Time: 00:07:47

Health: -1/34      AC:  1    Str: 12    XL:     5   Next: 26%
Magic:  7/8        EV: 13    Int: 15    God:
Gold:   170        SH:  0    Dex: 12    Spells: 7/8 levels left

rFire   . . .      SeeInvis .      - Unarmed
rCold   . . .      Faith    .    (no shield)
rNeg    . . .      Spirit   .    (helmet currently unavailable)
rPois   .          Reflect  .    (no amulet)
rElec   .          Harm     .    s - ring of willpower
rCorr   .          Rampage  .    (no ring)
Will    +....                    (no ring)
Stlth   +++.......               (no ring)
HPRegen 0.25/turn                (no ring)
MPRegen 0.11/turn                (no ring)
                                 (no ring)
                                 (no ring)

@: lethally poisoned (-1 -> -9), appendages
A: tentacle spike 3, almost no armour, amphibious, 8 rings, camouflage 1,
gelatinous body 1, (nimble swimmer 1), tentacles
a: End Transformation


You were on level 4 of the Dungeon.
One of your tentacles had grown a beastly spike.
You visited 1 branch of the dungeon, and saw 4 of its levels.

You collected 170 gold pieces.

Inventory:

Armour
 a - a +2 hat
 f - the +0 hat of a ziggurat (melded) {Rampage rN++}
   (You acquired it on level 2 of the Dungeon)

   rN:        It greatly protects you from negative energy.
   Rampage:   It bestows one free step when moving towards enemies.
Jewellery
 s - a ring of willpower (left tentacle)
Wands
 k - a wand of charming (9)
Scrolls
 c - a scroll of magic mapping {unknown}
 d - 2 scrolls of poison {unknown}
 e - a scroll of enchant armour {unknown}
 h - a scroll of noise {unknown}
 j - 3 scrolls of teleportation
 l - a scroll of enchant weapon {unknown}
 n - a scroll of vulnerability
 p - a scroll of brand weapon {unknown}
Potions
 b - a potion of mutation {unknown}
 g - a potion of curing
 i - a potion of attraction {unknown}
 m - a potion of heal wounds {unknown}
 o - a potion of haste {unknown}
 q - a potion of degeneration {unknown}
 r - a potion of ambrosia {unknown}


   Skills:
 + Level 2.0 Fighting
 + Level 2.9 Dodging
 + Level 2.2 Stealth
 * Level 4.1 Unarmed Combat
 - Level 2.0 Spellcasting
 + Level 2.8 Transmutations


You had 7 spell levels left.
You knew the following spells:

 Your Spells              Type           Power      Damage    Failure   Level
a - Beastly Appendage     Tmut           20%        N/A       7%          1

Your spell library contained the following spells:

 Spells                   Type           Power      Damage    Failure   Level
 Wereblood                Tmut           10%        N/A       11%         2
 Spider Form              Tmut/Pois      5%         N/A       36%         3
 Ice Form                 Ice/Tmut       5%         N/A       77%         4


Dungeon Overview and Level Annotations

Branches:
Dungeon (4/15)
 Temple: D:4-7

Altars:

Shops:
D:1 =

Annotations:
D:3 Grinder


Innate Abilities, Weirdness & Mutations

One of your tentacles has grown a beastly spike.
You cannot wear most types of armour.
You are amphibious.
You can wear up to eight rings at the same time.
Your skin changes colour to match your surroundings (Stealth+).
Your rubbery body absorbs attacks. (AC +1, EV +1)
((You are camouflaged when in or above water. (Stealth+)))
You have tentacles for arms and can constrict up to eight enemies at once.


Message History

You constrict the orc, but do no damage.
You tentacle-slap the orc.
The orc is heavily wounded.
You constrict the orc, but do no damage.
The orc hits you with a +0 dagger.
You barely miss the iguana. You grab the iguana.
You constrict the iguana, but do no damage.
You constrict the orc. The iguana closely misses you.
The orc hits you with a +0 dagger.
You tentacle-slap the iguana but do no damage.
You pierce the iguana, but do no damage.
Your tentacle spike disappears.
The +0 hat of a ziggurat {Rampage rN++} unmelds from your body.
You constrict the iguana. You constrict the orc.
You kill the orc!
The iguana barely misses you.
You are too injured to fight recklessly!
Casting: Beastly Appendage (safe; 7% risk of failure)
Confirm with . or Enter, or press ? or * to list all spells.
One of your tentacles grows a vicious spike.
The +0 hat of a ziggurat {Rampage rN++} melds into your body.
You constrict the iguana. The iguana bites you!
* * * LOW HITPOINT WARNING * * *
The scorpion closely misses you.
You feel better.
You constrict the iguana. The iguana misses you. The scorpion stings you.
* * * LOW HITPOINT WARNING * * *
You tentacle-slap the scorpion. Your grab misses the scorpion.
You pierce the scorpion, but do no damage.
The scorpion is lightly wounded.
You constrict the iguana. The scorpion misses you.
The iguana closely misses you.
You tentacle-slap the scorpion. You grab the scorpion.
You squeeze the scorpion.
The scorpion is heavily wounded.
You constrict the scorpion. You constrict the iguana. The scorpion stings you.
* * * LOW HITPOINT WARNING * * *
You are lethally poisoned!
The scorpion poisons you! The iguana bites you!
You die...

+..........$...#
#..............#
#..............#
#..............#
###...##+##..###
#...##.##..#
#.........)#
..#..........#
..'.....†@l..#
###...####s..#
#.. #...# ...
....# ... .....#
.. .....# .
......# ###.#..


You could see a scorpion and an iguana.

Vanquished Creatures
  An iguana (D:4)
  An orc wizard (D:3)
  An adder (D:4)
  2 worms
  A dart slug (D:1)
  5 orcs
  5 ball pythons
  6 endoplasms
  2 giant cockroaches (D:1)
  6 goblins
  5 hobgoblins
  4 jackals (D:2)
  2 quokkas
  10 bats
  3 frilled lizards (D:2)
  7 kobolds
  6 rats
67 creatures vanquished.

Notes
Turn   | Place    | Note
-------+----------+-------------------------------------------
     0 | D:1      | valliere the Octopode Transmuter began the quest for the
                  | Orb.
     0 | D:1      | Reached XP level 1. HP: 13/13 MP: 3/3
   179 | D:1      | Reached XP level 2. HP: 16/18 MP: 3/5
   251 | D:1      | Found a faded altar of an unknown god.
   351 | D:1      | Found Nadu Qea's One-of-a-Kind Rings.
   552 | D:2      | Reached skill level 1 in Stealth
   554 | D:2      | Reached XP level 3. HP: 21/23 MP: 4/6
  1119 | D:2      | Identified a scroll of acquirement
  1120 | D:2      | Acquired the +0 hat of a ziggurat {Rampage rN++}
  1275 | D:3      | Reached XP level 4. HP: 23/29 MP: 5/7
  1472 | D:3      | Noticed Grinder
  1943 | D:4      | Reached skill level 4 in Unarmed Combat
  1943 | D:4      | Reached XP level 5. HP: 26/34 MP: 6/8
  2041 | D:4      | Slain by an iguana

Illustrated notes

Levels and vault maps discovered:
D:1:      nicolae_arrival_memento_mori, layout_rooms,
          dreamdust_ecumenical_altar_angels_and_demons,
          nicolae_shop_unique_rings, nicolae_figureground_pulse
D:2:      layout_rooms, kennysheep_cross_room, minmay_tromino_mix6
D:3:      layout_loops_cross, uniq_grinder, uniq_crazy_yiuf_cottage
D:4:      layout_gridville, gammafunk_temple_overflow_statue,
          overflow_temple_1_default, uniq_ijyb

Skill      XL: |  1  2  3  4 |
---------------+-------------+-----
Stealth        | 1 2 |  2.2
Fighting       | 2 |  2.0
Unarmed Combat | 4 |  4.1
Dodging        | |  2.9
Spellcasting   | |  2.0
Transmutations | |  2.8

Action                   |  1- 3 |  4- 6 || total
-------------------------+-------+-------++-------
Melee: Unarmed           |    91 |    53 ||   144
       Kick              |    23 |    12 ||    35
       Constrict         |    24 |     9 ||    33
       Tentacles         |    15 |    10 ||    25
       Punch             |     2 |       ||     2
 Cast: Beastly Appendage |    30 |    17 ||    47
  Use: Scroll            |     5 |     2 ||     7
       Potion            |       |     3 ||     3
 Stab: Sleeping          |     7 |     9 ||    16
Armor: Skin              |    10 |    10 ||    20
Dodge: Dodged            |    49 |    22 ||    71

Table legend: (Time is in decaauts)
 A = Elapsed time spent in this place.
 B = Non-inter-level travel time spent in this place.
 C = Inter-level travel time spent in this place.
 D = Time resting spent in this place.
 E = Time spent auto-exploring this place.
 F = Levels seen in this place.
 G = Mean time per level.
                   A        B        C        D        E       F      G
               +--------+--------+--------+--------+--------+-----+--------+
         Total |   2030 |   2024 |      6 |     10 |   1473 |   4 |  507.5 |
       Dungeon |   2030 |   2024 |      6 |     10 |   1473 |   4 |  507.5 |
               +--------+--------+--------+--------+--------+-----+--------+

Top non-repeatable levels by time:
     D:3: 771 daAuts
     D:2: 595 daAuts
     D:1: 530 daAuts
     D:4: 134 daAuts
